 Dungeon Crawl Stone Soup version 0.30.0-16-gbe6223bb7e (webtiles) character file.

Game seed: 12751214001731988540

11853 browni3141 the Summoner (level 11, -1/69 HPs)
             Began as a Mummy Summoner on May 21, 2023.
             Was an Elder of Sif Muna.
             Slain by a water moccasin (6 damage)
             ... on level 1 of the Lair of Beasts.
             The game lasted 00:24:57 (12559 turns).

browni3141 the Summoner (Mummy Summoner)           Turns: 12559, Time: 00:24:58

Health: -1/69      AC: 13    Str: 12    XL:     11   Next: 54%
Magic:  19/25      EV: 10    Int: 25    God:    Sif Muna [****..]
Gold:   411        SH:  4    Dex: 12    Spells: 6/31 levels left

rFire   x . .        P - +2 whip (freeze)
rCold   + . .        L - +0 buckler
rNeg    + + +        U - +0 acid dragon scales
rPois   ∞            O - +2 hat
rElec   .            z - +1 cloak {Will+}
rCorr   +            H - +0 pair of gloves of the Swamp {rPois}
SInv    .            E - +0 pair of boots
Will    ++...        (no amulet)
Stlth   +            W - ring of wizardry
HPRegen 0.31/turn    w - +6 ring of intelligence
MPRegen 0.19/turn

%: faith, wizardry (x1)
@: no status effects
A: cold resistance 1, negative energy resistance 3, torment resistance 2, heat
vulnerability 1, in touch with death 1, no potions, faith
a: Renounce Religion, Channel Magic, Forget Spell, Divine Exegesis


You were on level 1 of the Lair of Beasts.
You worshipped Sif Muna.
Sif Muna was greatly pleased with you.
You visited 2 branches of the dungeon, and saw 12 of its levels.

You collected 732 gold pieces.
You spent 321 gold pieces at shops.

Inventory:

Hand Weapons
 e - a +0 whip
 C - a -2 demon whip of venom
 G - a +2 antimagic falchion
 P - a +2 whip of freezing (weapon)
Missiles
 F - 5 curare-tipped darts
 J - 75 poisoned darts
 M - 5 boomerangs
 T - 3 boomerangs of dispersal
 Z - a throwing net
Armour
 a - a +0 robe
 d - a +2 cloak
 x - a +0 pair of boots
 z - a +1 cloak of willpower (worn)
 B - a +0 helmet
 E - a +0 pair of boots (worn)
 H - the +0 pair of gloves of the Swamp (worn) {rPois}
   (You found it on level 8 of the Dungeon)

   rPois:     It protects you from poison.
 L - a +0 buckler (worn)
 O - a +2 hat (worn)
 U - +0 acid dragon scales (worn)
Jewellery
 w - a +6 ring of intelligence (right hand)
 y - a +6 ring of strength
 W - a ring of wizardry (left hand)
Wands
 p - a wand of polymorph (4)
 A - a wand of acid (4)
 D - a wand of roots (5)
 N - a wand of charming (5)
 V - a wand of flame (7)
Scrolls
 b - 2 scrolls of amnesia
 f - 6 scrolls of enchant armour
 g - 2 scrolls of butterflies
 h - 2 scrolls of brand weapon
 i - 5 scrolls of teleportation
 j - 3 scrolls of magic mapping
 k - 2 scrolls of torment
 r - a scroll of identify
 I - a scroll of immolation
 K - 3 scrolls of vulnerability
 Q - 2 scrolls of noise
 R - a scroll of fear {unknown}
 S - 2 scrolls of enchant weapon {unknown}
 X - 3 scrolls of fog {unknown}
 Y - a scroll of silence {unknown}


   Skills:
 + Level 0.4 Fighting
 * Level 0.6 Maces & Flails
 - Level 3.0 Armour
 - Level 1.5 Dodging
 - Level 1.5 Stealth
 - Level 3.0 Shields
 + Level 10.5 Spellcasting
 - Level 2.0 Conjurations
 - Level 11.0 Summonings
 * Level 0.8 Necromancy
 - Level 3.0 Air Magic
 - Level 3.0 Poison Magic
 * Level 6.4 Invocations


You had 6 spell levels left.
You knew the following spells:

 Your Spells              Type           Power      Damage    Failure   Level
a - Call Canine Familiar  Summ           62%        N/A       1%          3
b - Simulacrum            Ice/Necr       11%        N/A       99%         6
g - Summon Guardian Gole  Hex/Summ       40%        N/A       1%          3
l - Summon Lightning Spi  Summ/Air       48%        N/A       2%          4
m - Mephitic Cloud        Conj/Pois/Air  26%        N/A       4%          3
w - Swiftness             Air            28%        N/A       3%          3
x - Call Imp              Summ           100%       N/A       1%          2
z - Summon Small Mammal   Summ           100%       N/A       1%          1

Your spell library contained the following spells:

 Spells                   Type           Power      Damage    Failure   Level
 Magic Dart               Conj           92%        1d7       1%          1
 Shock                    Conj/Air       100%       1d9       1%          1
 Searing Ray              Conj           46%        2d6       2%          2
 Ozocubu's Armour         Ice            13%        N/A       12%         3
 Airstrike                Air            14%        2d(2-18)  12%         4
 Fulminant Prism          Conj/Hex       9%         3d7       26%         4
 Metabolic Englaciation   Hex/Ice        6%         N/A       69%         5


Dungeon Overview and Level Annotations

Branches:
Dungeon (11/15)            Temple (0/1) D:5            Lair (1/5) D:11
    Orc (0/2) D:10

Altars:
Dithmenos
Fedhas
Gozag
Hepliaklqana
Kikubaaqudgha
Nemelex Xobeh
Okawaru
Qazlal
Sif Muna
Uskayaw
Vehumet
Xom

Shops:
D:5 *   D:8 *[*

Annotations:
D:9 exclusion: deep elf pyromancer


Innate Abilities, Weirdness & Mutations

You are immune to poison.
Your flesh is cold resistant. (rC+)
You are immune to negative energy. (rN+++)
You are immune to unholy pain and torment.
You are vulnerable to heat. (rF-)
You are in touch with the powers of death.
You do not drink.
You have a special connection with the divine. (Faith)


Message History

The yak gores you! The yak gores you. The yak gores you!
Your wolf bites the yak.
The yak closely misses your wolf.
The yak gores your guardian golem but does no damage.
Your wolf bites the yak.
Casting: Call Imp (safe; 1% risk of failure)
Press: ? - help, Q - select action, (/) - cycle Dir - look around, f - activate A tiny devil pulls itself out of the air.
Your wolf bites the yak but does no damage.
The yak gores you. The yak barely misses your wolf.
The yak gores your guardian golem but does no damage.
The yak snorts and paws the ground.
The yak gores you but does no damage. x2
Your wolf bites the yak!
The yak dies!
Sif Muna accepts your kill. The yak gores you.
The yak gores your wolf but does no damage.
Your cerulean imp hits the yak from afar with a +1 spear.
You swap places.
A cane toad comes into view.
The komodo dragon hisses angrily.
Your wolf bites the yak but does no damage.
The yak misses your wolf.
Your wolf bites the yak but does no damage.
The yak completely misses your cerulean imp.
Your cerulean imp hits the yak with a +1 spear.
You hit the yak. You freeze the yak.
The yak is lightly wounded.
Your wolf bites the yak.
The yak gores you.
* * * LOW HITPOINT WARNING * * *
The yak misses your wolf. The yak gores your cerulean imp.
Flame seeps out of your guardian golem. The yak gores your cerulean imp!
Flame seeps out of your guardian golem.
Your wolf bites the yak.
Your cerulean imp closely misses the yak.
Your guardian golem is engulfed in blazing flames.
Flame seeps out of your guardian golem.
Your wolf bites the yak.
The komodo dragon hisses menacingly.
The yak misses you. The yak completely misses your wolf.
The yak gores your cerulean imp!
Your cerulean imp dies!
Your cerulean imp disappears in a puff of smoke!
Flame seeps out of your guardian golem. The yak attacks as you move away!
The yak gores you!
* * * LOW HITPOINT WARNING * * *
Your wolf bites the yak!
Your guardian golem is engulfed in blazing flames.
Your guardian golem disappears in a puff of smoke!
Your guardian golem explodes!
The fiery explosion engulfs the yak!!
The yak dies!
Sif Muna accepts your kill. The fiery explosion engulfs your wolf!!
Your wolf is engulfed in blazing flames.
Your wolf dies!
Your wolf's corpse disappears in a puff of smoke!
You hear a trumpeting!
You see here a potion of curing.
The yak attacks as you move away! The yak gores you!
* * * LOW HITPOINT WARNING * * *
Aiming: Fastroot
Press: ? - help, Shift-Dir - straight line The roots erupt in riotous growth!
Roots grab the yak. x2
The grasping roots constrict the yak. x2
You hear a loud, deep croak!
You hear an angry hiss.
The yak misses you.
The yak struggles to escape constriction.
Aiming: Corrosive Bolt
Press: ? - help, Shift-Dir - straight line, f - yak
Aim: a yak (heavily wounded, constricted by roots, 100% to hit)
The bolt of acid hits the yak!
The yak is severely wounded.
The bolt of acid hits the yak!
The yak is moderately wounded.
The grasping roots constrict the yak!
You kill the yak!
Sif Muna accepts your kill.
The grasping roots constrict the yak.
The roots release their grip on the yak.
Aiming: Fastroot
Press: ? - help, Shift-Dir - straight line The roots erupt in riotous growth!
Roots grab the yak. x2
The grasping roots constrict the yak. x2
You hear a croak.
You hear a trumpeting!
You hear a loud, deep croak!
You hear an angry hiss. x2; You hear a trumpeting!
The yak gores you but does no damage.
The yak struggles to escape constriction.
A water moccasin comes into view.
You hear an angry hiss.
The grasping roots constrict the yak!
The grasping roots constrict the yak.
The roots release their grip on the yak.
The yak escapes!
The yak attacks as you move away! The yak gores you.
* * * LOW HITPOINT WARNING * * *
The water moccasin bites you.
* * * LOW HITPOINT WARNING * * *
An elephant comes into view.
The water moccasin bites you.
You die...

####..........
#........F..#
#..........#
#.#....$...# ##
#.#.........# ...
....§☼§...F##### ...Y
~♣..§.§....!...##.....
♣♣.§§§..#.....S.#....
♣.....###.YY@.[..#
♣.......##......#.#
♣♣♣♣♣........###....
♣♣P....)#### ...#
~~.......# ##...#
P♣P......####....## ..
♣♣........##.....###...
♣...........#...........
#..#....................


You could see an elephant, 2 yaks, a cane toad and a water moccasin.

Vanquished Creatures
  2 yaks
  4 water moccasins (D:11)
  A sky beast (D:7)
  A centaur (D:6)
  2 kobold brigands
  A bullfrog (D:11)
  A scorpion (D:4)
  A wight (D:6)
  A killer bee (D:8)
  3 jellies
  5 hounds
  2 orc priests
  A sleepcap (D:6)
  Jessica (D:2)
  2 orc wizards
  2 adders
  2 gnolls
  A shadow imp (D:6)
  A worm (D:2)
  17 orcs
  4 ball pythons
  A bat (D:2)
  2 endoplasms (D:3)
  A giant cockroach (D:1)
  4 goblins
  2 hobgoblins (D:4)
  6 jackals
  A quokka (D:1)
  A frilled lizard (D:1)
  16 kobolds
  4 rats
93 creatures vanquished.

Vanquished Creatures (collateral kills)
  2 two-headed ogres (D:11)
  A cyclops (D:11)
  An orange demon (D:10)
  A komodo dragon (D:11)
  Prince Ribbit (D:8)
  A wyvern (D:9)
  5 yaks
  A steam dragon (D:10)
  2 water moccasins
  An orc warrior (D:9)
  An ice beast (D:5)
  A black bear (D:11)
  2 ogres (D:5)
  A centaur (D:10)
  A phantom (D:7)
  4 kobold brigands
  2 bullfrogs
  2 scorpions
  2 wights (D:8)
  6 killer bees
  4 howler monkeys
  A hound (D:5)
  4 orc priests
  2 iguanas
  5 orc wizards
  4 gnolls
  2 adders
  A shadow imp (D:6)
  27 orcs
  2 bats (D:3)
  An endoplasm (D:4)
  2 goblins (D:1)
  2 hobgoblins
  6 jackals
  4 ball pythons
  6 frilled lizards
  23 kobolds
  3 rats
137 creatures vanquished.

Vanquished Creatures (others)
  Gastronok (D:8)
  Amaemon (D:10)
  A cyclops (D:11)
  Joseph (D:8)
  A komodo dragon (D:10)
  Maggie (D:6)
  4 yaks
  A wraith (D:11)
  2 acid dragons
  An orc warrior (D:7)
  A black bear (D:6)
  A centaur (D:8)
  2 kobold brigands
  4 wights
  A killer bee (D:8)
  A jelly (D:7)
  A sleepcap (D:6)
  5 orcs
  A kobold (D:6)
  A quokka (D:5)
32 creatures vanquished.

Grand Total: 262 creatures vanquished

Notes
Turn   | Place    | Note
-------+----------+-------------------------------------------
     0 | D:1      | browni3141 the Mummy Summoner began the quest for the Orb.
     0 | D:1      | Reached XP level 1. HP: 13/13 MP: 4/4
   184 | D:1      | Reached skill level 3 in Spellcasting
   188 | D:1      | Reached XP level 2. HP: 18/19 MP: 0/6
   205 | D:1      | Learned a level 2 spell: Call Imp
   932 | D:1      | You fall into a shaft and drop 1 floor!
   960 | D:2      | Noticed Jessica
   967 | D:2      | Killed Jessica
   968 | D:2      | Reached skill level 4 in Summonings
   968 | D:2      | Gained mutation: You are in touch with the powers of death.
                  | [Mummy growth]
   968 | D:2      | Reached XP level 3. HP: 22/24 MP: 5/8
  1626 | D:2      | Reached XP level 4. HP: 24/30 MP: 7/9
  2228 | D:3      | Reached XP level 5. HP: 35/35 MP: 7/11
  2480 | D:3      | Found a shimmering blue altar of Sif Muna.
  2578 | D:3      | Became a worshipper of Sif Muna the Loreminder
  2748 | D:4      | Reached skill level 5 in Summonings
  2912 | D:4      | Learned a level 3 spell: Call Canine Familiar
  2916 | D:4      | Learned a level 3 spell: Summon Guardian Golem
  2972 | D:4      | Reached XP level 6. HP: 28/41 MP: 10/13
  3516 | D:4      | Found an iron altar of Okawaru.
  3517 | D:4      | Found an opulent altar of Gozag.
  3758 | D:5      | Entered Level 5 of the Dungeon
  3770 | D:5      | Found a hazy altar of Hepliaklqana.
  3777 | D:5      | Found a shadowy altar of Dithmenos.
  3845 | D:5      | Found a stormy altar of Qazlal.
  3864 | D:5      | Found a staircase to the Ecumenical Temple.
  4123 | D:5      | Reached XP level 7. HP: 37/46 MP: 10/14
  4505 | D:5      | Found Bicodis's Assorted Antiques.
  4717 | D:5      | Bought a coral ring for 135 gold pieces
  4722 | D:5      | Learned a level 3 spell: Mephitic Cloud
  4727 | D:5      | Learned a level 4 spell: Summon Lightning Spire
  4727 | D:5      | Bought a scroll of teleportation for 81 gold pieces
  4919 | D:5      | Reached skill level 3 in Shields
  4919 | D:5      | Reached skill level 6 in Summonings
  5303 | D:6      | Found a hide-covered altar of Uskayaw.
  5494 | D:6      | Reached * piety under Sif Muna
  5495 | D:6      | Reached XP level 8. HP: 12/52 MP: 2/16
  5718 | D:6      | Noticed Maggie
  5749 | D:6      | Killed Maggie
  5750 | D:6      | Reached skill level 6 in Spellcasting
  6095 | D:6      | Found a radiant altar of Vehumet.
  6226 | D:6      | Reached skill level 7 in Summonings
  7087 | D:7      | Reached XP level 9. HP: 57/57 MP: 17/19
  7103 | D:7      | Reached ** piety under Sif Muna
  7495 | D:8      | Reached skill level 3 in Armour
  7496 | D:8      | Noticed Gastronok
  7530 | D:8      | HP: 2/57 [themself (31)]
  7758 | D:8      | Killed Gastronok
  7759 | D:8      | Reached skill level 8 in Summonings
  7759 | D:8      | Reached skill level 3 in Poison Magic
  7879 | D:8      | Reached skill level 9 in Summonings
  7934 | D:8      | Found a sparkling altar of Nemelex Xobeh.
  7943 | D:8      | Found Ziaxil's Antique Armour Emporium.
  8055 | D:8      | Reached XP level 10. HP: 23/63 MP: 12/22
  8276 | D:8      | Found a blossoming altar of Fedhas.
  8276 | D:8      | Found an ancient bone altar of Kikubaaqudgha.
  8287 | D:8      | Noticed Prince Ribbit
  8300 | D:8      | Killed Prince Ribbit
  8441 | D:8      | Found Fiubru Daff's General Store.
  8450 | D:8      | Bought a scroll of butterflies for 52 gold pieces
  8450 | D:8      | Bought a scroll of identify for 26 gold pieces
  8495 | D:8      | Reached *** piety under Sif Muna
  8534 | D:8      | Found Ciefyl's Assorted Antiques.
  8542 | D:8      | Bought a scroll labelled AHOYKHL OFETY for 27 gold pieces
  8587 | D:8      | Identified the +0 pair of gloves of the Swamp {rPois}
  8646 | D:8      | Noticed Joseph
  9244 | D:8      | Killed Joseph
  9455 | D:8      | Reached skill level 9 in Spellcasting
  9688 | D:9      | Found a shimmering altar of Xom.
 10085 | D:9      | Noticed a deep elf pyromancer
 10338 | D:10     | Entered Level 10 of the Dungeon
 10512 | D:10     | Noticed Amaemon
 10512 | D:10     | Noticed an orange demon
 10527 | D:10     | Reached skill level 3 in Invocations
 10531 | D:10     | Killed Amaemon
 10532 | D:10     | Reached skill level 10 in Summonings
 10543 | D:10     | Killed an orange demon
 10833 | D:10     | Reached **** piety under Sif Muna
 10932 | D:10     | Found a staircase to the Orcish Mines.
 11063 | D:10     | Learned a level 3 spell: Swiftness
 11731 | D:11     | Reached XP level 11. HP: 68/68 MP: 17/24
 11880 | D:11     | Noticed a two-headed ogre
 11891 | D:11     | Killed a two-headed ogre
 11892 | D:11     | Reached skill level 3 in Air Magic
 12043 | D:11     | Noticed a two-headed ogre
 12055 | D:11     | Killed a two-headed ogre
 12056 | D:11     | Reached skill level 6 in Invocations
 12205 | D:11     | Found a staircase to the Lair.
 12311 | D:11     | Reached skill level 11 in Summonings
 12469 | Lair:1   | Entered Level 1 of the Lair of Beasts
 12486 | Lair:1   | Learned a level 6 spell: Simulacrum
 12559 | Lair:1   | Slain by a water moccasin

Illustrated notes

Levels and vault maps discovered:
D:1:      eino_arrival_druids_welcome, layout_basic,
          shapermc_ecumenical_altar_mp_highgroup, minmay_stone_trees_small
D:2:      layout_basic, uniq_jessica
D:3:      layout_rooms, kennysheep_orc_sif_temple
D:4:      layout_loops_corners, gammafunk_temple_overflow_statue
D:5:      layout_layer_cave, grunt_qazlal_clouds, overflow_temple_1_default,
          nicolae_dithmenos_shadow_blocks, elyvilon_altar_4,
          minmay_temple_entry_large_hall, serial_shops, shop
D:6:      layout_gridville, vehumet_altar_wand_db, mainiacjoe_overflow_paths,
          uniq_maggie
D:7:      layout_loops_cross
D:8:      layout_loops_ring, grunt_temple_overflow_growth_and_decay,
          nemelex_xobeh_ov_fountains_minmay, serial_shops, shop,
          nicolae_shop_rolling_square, nicolae_shop_just_a_little_nook,
          uniq_prince_ribbit1, uniq_gastronok, uniq_joseph
D:9:      layout_cross, tgw_xom, hangedman_decor_peaks_small
D:10:     layout_stronghold, amcnicky_altar_gilded, orc_0_dummy, uniq_amaemon
D:11:     layout_rooms, due_lair_maze_entry_diamond
Lair:1:   layout_hall_layers, serial_bayou_crossing, grunt_megastairs_3

Skill      XL: |  1  2  3  4  5  6  7  8  9 10 11 |
---------------+----------------------------------+-----
Spellcasting   | 3 4 5 6 8 9 10 | 10.5
Summonings     | 4 5 6 7 9 10 11 | 11.0
Shields        | 1 2 3 |  3.0
Conjurations   | 1 2 |  2.0
Air Magic      | 1 2 3 |  3.0
Poison Magic   | 1 2 3 |  3.0
Armour         | 2 3 |  3.0
Invocations    | 4 6 |  6.4
Fighting       | |  0.4
Maces & Flails | |  0.6
Dodging        | |  1.5
Stealth        | |  1.5
Necromancy     | |  0.8

Action                     |  1- 3 |  4- 6 |  7- 9 | 10-12 || total
---------------------------+-------+-------+-------+-------++-------
  Melee: Unarmed           |    46 |       |       |       ||    46
         Whip              |    82 |   200 |   228 |   224 ||   734
         Punch             |       |     3 |       |       ||     3
   Cast: Summon Small Mamm |    19 |     3 |     2 |       ||    24
         Call Imp          |    20 |    22 |    31 |    28 ||   101
         Call Canine Famil |       |     3 |    30 |    24 ||    57
         Summon Guardian G |       |       |    20 |    24 ||    44
         Mephitic Cloud    |       |       |       |     2 ||     2
  Evoke: Wand              |       |       |       |     5 ||     5
    Use: Scroll            |       |     5 |     2 |     3 ||    10
   Stab: Distracted        |     2 |     1 |     1 |       ||     4
         Sleeping          |     1 |       |     2 |       ||     3
 Armour: Robe              |    60 |    98 |    28 |       ||   186
         Acid dragon scale |       |       |    83 |   154 ||   237
  Dodge: Dodged            |   105 |   179 |   174 |   161 ||   619
  Block: Buckler           |       |    22 |    69 |    65 ||   156
